 Dungeon Crawl Stone Soup version 0.27-a0-898-g810843a28d (webtiles) character file.

Game seed: 17226286975160643694

21835 wakim the Martial Artist (level 12, -10/106 HPs)
             Began as an Octopode Transmuter on Apr 5, 2021.
             Was an Elder of Nemelex Xobeh.
             Mangled by a six-headed hydra (15 damage)
             ... on level 4 of the Lair of Beasts.
             The game lasted 01:02:19 (22093 turns).

wakim the Martial Artist (Octopode Transmuter)     Turns: 22093, Time: 01:02:20

Health: -10/106    AC:  8    Str:  9    XL:     12   Next: 94%
Magic:  26/28      EV: 12    Int: 20    God:    Nemelex Xobeh [****..]
Gold:   820        SH:  0    Dex: 19    Spells: 8/21 levels left

rFire    . . .     SeeInvis .     - Unarmed
rCold    . . .     Faith    .   (shield currently unavailable)
rNeg     . . .     Spirit   .   (helmet currently unavailable)
rPois    +         Reflect  .   m - amulet "Iduim" {RegenMP Fly}
rElec    .         Harm     .   b - +4 ring of protection
rCorr    .         Rampage  .   a - +6 ring of dexterity
Will     .....                  d - ring of flight
Stlth    +++.......             j - ring of magical power
HPRegen  0.27/turn              l - ring of fire
MPRegen  0.46/turn              h - ring of ice
                                (no ring)
                                (no ring)

@: hydra-form, corroded, flying
A: fast swimmer, devour, boosted hp, almost no armour, amphibious, 8 rings, very
large, (camouflage 1), (gelatinous body 1), (nimble swimmer 1), (tentacles)
a: End Transformation, Renounce Religion, Draw Escape, Draw Destruction, Draw
Summoning, Triple Draw, Deal Four


You were on level 4 of the Lair of Beasts.
You worshipped Nemelex Xobeh.
Nemelex Xobeh was greatly pleased with you.
You were a five-headed hydra.
You visited 3 branches of the dungeon, and saw 15 of its levels.

You collected 820 gold pieces.

Inventory:

Missiles
 f - 2 throwing nets
Jewellery
 a - a +6 ring of dexterity (right foreclaw)
 b - a +4 ring of protection (left foreclaw)
 d - a ring of flight (on tentacle)
 h - a ring of ice (on tentacle)
 j - a ring of magical power (on tentacle)
 l - a ring of fire (on tentacle)
 m - the amulet "Iduim" (around neck) {RegenMP Fly}
   (You found it on level 3 of the Lair of Beasts)

   [amulet of magic regeneration]

   It increases your rate of magic regeneration.
   It grants you flight.
Wands
 t - a wand of digging (6)
 u - a wand of mindburst (24)
 x - a wand of iceblast (21)
 y - a wand of paralysis (11)
 z - a wand of polymorph (7)
Scrolls
 c - 3 scrolls of enchant armour
 e - 3 scrolls of enchant weapon
 g - a scroll of brand weapon
 o - a scroll of acquirement {unknown}
 r - 2 scrolls of identify
 T - 4 scrolls of teleportation
 X - a scroll of fog
 Y - a scroll of blinking
 Z - 2 scrolls of silence
Potions
 k - a potion of cancellation {unknown}
 n - 2 potions of magic {unknown}
 B - 2 potions of attraction
 D - a potion of brilliance
 F - 4 potions of curing
 I - 2 potions of invisibility
 L - 5 potions of lignification
 N - 2 potions of might


   Skills:
 + Level 7.9 Fighting
 + Level 8.6 Dodging
 - Level 5.0 Stealth
 * Level 12.1 Unarmed Combat
 - Level 5.0 Spellcasting
 + Level 1.4 Hexes
 + Level 10.3 Transmutations
 - Level 3.0 Poison Magic
 - Level 6.0 Invocations


You had 8 spell levels left.
You knew the following spells:

 Your Spells              Type           Power      Damage    Failure   Level
a - Hydra Form            Tmut           23%        N/A       4%          5
b - Yara's Violent Unrav  Hex/Tmut       14%        3d7       28%         5
x - Spider Form           Tmut/Pois      15%        N/A       2%          3

Your spell library contained the following spells:

 Spells                   Type           Power      Damage    Failure   Level
 Beastly Appendage        Tmut           92%        N/A       1%          1
 Wereblood                Tmut           46%        N/A       1%          2
 Corona                   Hex            11%        N/A       7%          1
 Poisonous Vapours        Pois/Air       22%        N/A       10%         2
 Slow                     Hex            10%        N/A       10%         2
 Animate Skeleton         Necr           10%        N/A       12%         1
 Magic Dart               Conj           20%        1d4       12%         1
 Pain                     Necr           20%        1d5       12%         1
 Ensorcelled Hibernation  Hex/Ice        22%        N/A       13%         2
 Ice Form                 Ice/Tmut       38%        N/A       14%         4
 Petrify                  Tmut/Erth      25%        N/A       14%         4
 Blink                    Tloc           N/A        N/A       17%         2
 Call Imp                 Summ           5%         N/A       17%         2
 Confusing Touch          Hex            10%        N/A       21%         3
 Tukima's Dance           Hex            10%        N/A       21%         3
 Mephitic Cloud           Conj/Pois/Air  9%         N/A       22%         3
 Dazzling Flash           Conj/Hex       14%        N/A       26%         3
 Inner Flame              Hex/Fire       11%        N/A       26%         3
 Portal Projectile        Hex/Tloc       14%        N/A       26%         3
 Conjure Flame            Conj/Fire      7%         6-21      34%         3
 Gell's Gravitas          Tloc           2%         N/A       34%         3
 Vampiric Draining        Necr           2%         2d6       34%         3
 Cause Fear               Hex            5%         N/A       54%         4
 Leda's Liquefaction      Hex/Erth       3%         N/A       65%         4
 Animate Dead             Necr           2%         N/A       75%         4
 Metabolic Englaciation   Hex/Ice        5%         N/A       94%         5
 Agony                    Necr           5%         N/A       97%         5
 Freezing Cloud           Conj/Ice/Air   3%         6-21      100%        6


Dungeon Overview and Level Annotations

Branches:
Dungeon (10/15)            Temple (1/1) D:7            Lair (4/6) D:9
 Shoals (0/4) Lair:3
  Snake: Lair:2-4    Spider: Lair:2-4       Orc: D:9-12

Altars:
Ashenzari
Cheibriados
Dithmenos
Elyvilon
Fedhas
Gozag
Hepliaklqana
Kikubaaqudgha
Makhleb
Nemelex Xobeh
Okawaru
Qazlal
Ru
Sif Muna
Trog
Uskayaw
Vehumet
Wu Jian
Xom
Yredelemnul
Zin
The Shining One

Shops:
D:8 *

Annotations:
D:9 exclusion: orange crystal statue
D:10 2 transporters, Thantalas's ghost, journeyman GrEE
Lair:4 exclusion: oklob plant


Innate Abilities, Weirdness & Mutations

You are a five-headed hydra.
You swim very quickly.
You can devour living enemies to heal.
Your maximum health is greatly increased.
Your armour is entirely melded.
You are incapable of wielding weapons or throwing items.
You cannot wear most types of armour.
You are amphibious.
You can wear up to eight rings at the same time.
((Your skin changes colour to match your surroundings (Stealth+).))
((Your rubbery body absorbs attacks. (AC +1, EV +1)))
((You are camouflaged near water. (Stealth+)))
((You have tentacles for arms and can constrict up to eight enemies at once.))


Message History

You turn into a four-headed hydra.
The oklob plant spits acid at you. The splash of acid hits you.
You are splashed with acid!
You start resting.
Magic restored.
Unknown command.
You start resting.
Your transformation is almost over.
You start resting.
Your transformation has ended.
HP restored.
Casting: Hydra Form (dangerous; 4% risk of failure)
Confirm with . or Enter, or press ? or * to list all spells.
You turn into a five-headed hydra.
You hear a roar!
Really fly into a travel-excluded area?
A six-headed hydra comes into view.
The oklob plant spits acid at you. The splash of acid hits you!
You are splashed with acid!
The oklob plant spits acid at you.
The splash of acid hits you but does no damage.
The acid corrodes you!
You are splashed with acid!
The oklob plant spits acid at you. The splash of acid hits you!
You are splashed with acid!
* * * LOW HITPOINT WARNING * * *
The six-headed hydra barely misses you.
The six-headed hydra closely misses you.
The six-headed hydra bites you!
* * * LOW HITPOINT WARNING * * *
The six-headed hydra bites you.
* * * LOW HITPOINT WARNING * * *
The six-headed hydra closely misses you. x2
The six-headed hydra bites you!
* * * LOW HITPOINT WARNING * * *
The six-headed hydra barely misses you. The six-headed hydra bites you!
* * * LOW HITPOINT WARNING * * *
The six-headed hydra closely misses you.
The six-headed hydra misses you. The six-headed hydra bites you!
You die...
Your body glows with a rainbow of weird colours and disappears.

##.... #.#..###
+...P.. ..... #..#
#..# ##..###
#..D..# .. ##D.###
.... #....#
....####...#
......#...######
....#.....###..###
.................#
.............(...#
###.#.<.##.#.####
###...######


You could see a six-headed hydra and an oklob plant.

Vanquished Creatures
  Fannar (Lair:3)
  3 hydras
  A catoblepas (Lair:2)
  A two-headed ogre (D:9)
  Pikel (D:8)
  An elephant (D:9)
  A cyclops (D:9)
  A torpor snail (Lair:3)
  A black mamba (Lair:2)
  9 cane toads
  5 komodo dragons
  A troll (D:9)
  3 polar bears
  A hornet (D:9)
  The ghost of kuzco6543 the Changer, an amateur DrTm (D:4)
  3 dream sheep (Lair:3)
  3 blink frogs (Lair:3)
  5 wyverns
  9 yaks
  2 basilisks (D:9)
  Grum (D:10)
  4 vampire mosquitoes (D:10)
  A swamp worm (Lair:3)
  7 water moccasins
  An acid dragon (D:10)
  5 orc warriors
  2 ice beasts
  2 black bears
  3 necrophages
  A sky beast (D:5)
  14 wolves
  2 ogres
  A phantom (D:6)
  8 centaurs
  3 lemures (D:8)
  A kobold brigand (D:10)
  12 bullfrogs
  A wyvern zombie (D:7)
  2 scorpions
  2 water moccasin skeletons
  An electric eel (Lair:2)
  2 centaur zombies
  Crazy Yiuf (D:6)
  4 jellies
  A gnoll shaman (D:5)
  11 orc priests
  2 bullfrog skeletons
  12 orc wizards
  2 iguanas
  A centaur simulacrum (D:4)
  A scorpion simulacrum (D:4)
  Robin (D:3)
  17 gnolls
  7 adders
  A shadow imp (D:6)
  3 white imps
  3 worms
  3 dart slugs
  4 adder simulacra (D:4)
  48 orcs
  4 bats
  9 endoplasms
  3 giant cockroaches
  17 hobgoblins
  6 jackals
  18 kobolds
  2 quokkas
  4 ball pythons
  4 frilled lizards
  19 goblins
  4 rats
341 creatures vanquished.

Vanquished Creatures (others)
  20 fungi
  68 plants
88 creatures vanquished.

Grand Total: 429 creatures vanquished

Notes
Turn   | Place    | Note
-------+----------+-------------------------------------------
     0 | D:1      | wakim the Octopode Transmuter began the quest for the Orb.
     0 | D:1      | Reached XP level 1. HP: 13/13 MP: 3/3
   242 | D:1      | Reached XP level 2. HP: 14/18 MP: 3/5
   325 | D:1      | Reached skill level 1 in Stealth
   809 | D:1      | Reached XP level 3. HP: 23/23 MP: 4/6
  1305 | D:2      | Learned a level 3 spell: Spider Form
  1490 | D:2      | Found a faded altar of an unknown god.
  1548 | D:2      | Reached skill level 4 in Unarmed Combat
  1548 | D:2      | Reached XP level 4. HP: 10/28 MP: 7/7
  2329 | D:3      | Identified the +0 helmet "Doovel" {Int+3}
  2329 | D:3      | Noticed Robin
  3127 | D:3      | Reached XP level 5. HP: 29/33 MP: 8/8
  3196 | D:3      | Reached skill level 1 in Poison Magic
  3408 | D:3      | Killed Robin
  3634 | D:3      | Found a sparkling altar of Nemelex Xobeh.
  3641 | D:3      | Found a glowing golden altar of the Shining One.
  3641 | D:3      | Found a snail-covered altar of Cheibriados.
  3642 | D:3      | Found an iron altar of Okawaru.
  3644 | D:3      | Found an ornate altar of the Wu Jian Council.
  3647 | D:3      | Found a sacrificial altar of Ru.
  3658 | D:3      | Became a worshipper of Nemelex Xobeh the Trickster
  3943 | D:4      | Noticed a black bear
  4270 | D:4      | Noticed an ogre
  4444 | D:4      | Reached XP level 6. HP: 38/38 MP: 9/9
  4558 | D:4      | Killed a black bear
  4559 | D:4      | Reached skill level 5 in Unarmed Combat
  4661 | D:4      | Found a runed translucent gate.
  4661 | D:4      | Found a runed translucent gate.
  4661 | D:4      | Found a runed translucent gate.
  4861 | D:4      | Reached * piety under Nemelex Xobeh
  5353 | D:4      | Noticed kuzco6543's ghost (amateur DrTm)
  5353 | D:4      | Noticed an ice beast
  5568 | D:4      | Reached XP level 7. HP: 43/43 MP: 7/10
  5656 | D:5      | Entered Level 5 of the Dungeon
  5749 | D:5      | Reached skill level 1 in Invocations
  6158 | D:5      | Received a gift from Nemelex Xobeh
  6435 | D:5      | Found a shimmering blue altar of Sif Muna.
  6655 | D:5      | Reached XP level 8. HP: 29/48 MP: 11/11
  6988 | D:5      | Reached skill level 6 in Unarmed Combat
  7128 | D:6      | Reached skill level 5 in Stealth
  7128 | D:6      | Reached skill level 5 in Transmutations
  7257 | D:6      | Reached ** piety under Nemelex Xobeh
  7628 | D:6      | Found an opulent altar of Gozag.
  7779 | D:6      | Reached skill level 7 in Unarmed Combat
  8167 | D:6      | Found a runed translucent door.
  8168 | D:6      | Noticed Crazy Yiuf
  8183 | D:6      | Killed Crazy Yiuf
  8432 | D:7      | Reached XP level 9. HP: 19/53 MP: 9/12
  8690 | D:7      | Reached skill level 5 in Dodging
  8812 | D:7      | Found an ancient bone altar of Kikubaaqudgha.
  9453 | D:7      | Found a broken altar of Ashenzari.
  9483 | D:7      | Found a staircase to the Ecumenical Temple.
  9799 | Temple   | Entered the Ecumenical Temple
  9997 | D:8      | Identified the +1 hand axe of Success {vorpal, +Blink rF+
                  | Int+5}
 10243 | D:8      | Found Tugi's Assorted Antiques.
 10728 | D:8      | Reached skill level 8 in Unarmed Combat
 10824 | D:8      | Noticed Pikel
 11229 | D:8      | Killed Pikel
 11484 | D:8      | Reached *** piety under Nemelex Xobeh
 11486 | D:8      | Received a gift from Nemelex Xobeh
 11693 | D:8      | Reached XP level 10. HP: 41/63 MP: 12/16
 11810 | D:8      | Found a shadowy altar of Dithmenos.
 12094 | D:9      | Received a gift from Nemelex Xobeh
 12384 | D:9      | Learned a level 5 spell: Hydra Form
 12432 | D:9      | Noticed an orange crystal statue
 12444 | D:9      | Noticed a two-headed ogre
 12660 | D:9      | Received a gift from Nemelex Xobeh
 12828 | D:9      | Identified the +3 leather armour of the Lily {SInv}
 12868 | D:9      | Found a staircase to the Lair.
 12868 | D:9      | Noticed an elephant
 12889 | D:9      | Killed an elephant
 12890 | D:9      | Reached skill level 9 in Unarmed Combat
 13041 | D:9      | Killed a two-headed ogre
 13473 | D:9      | Noticed a cyclops
 13970 | D:8      | Noticed a gargoyle
 14146 | D:9      | Found a white marble altar of Elyvilon.
 14300 | D:10     | Entered Level 10 of the Dungeon
 14300 | D:10     | Noticed Grum
 14695 | D:10     | Killed Grum
 14696 | D:10     | Reached XP level 11. HP: 70/70 MP: 12/17
 14759 | D:10     | Reached skill level 5 in Fighting
 14759 | D:10     | Reached skill level 10 in Unarmed Combat
 15201 | D:10     | Found a bloodstained altar of Trog.
 15201 | D:10     | Noticed Thantalas's ghost (journeyman GrEE)
 15201 | D:10     | Noticed a two-headed ogre
 15438 | D:4      | Killed kuzco6543's ghost
 16437 | D:10     | Noticed a cyclops
 16443 | D:10     | Found a transporter.
 16448 | D:10     | Found a transporter.
 16450 | D:10     | Noticed a moth of wrath
 16700 | D:9      | Killed a cyclops
 16865 | Lair:1   | Entered Level 1 of the Lair of Beasts
 17011 | Lair:1   | Reached **** piety under Nemelex Xobeh
 17019 | Lair:1   | Noticed a five-headed hydra
 17078 | Lair:1   | Noticed a six-headed hydra
 17634 | Lair:1   | Reached skill level 11 in Unarmed Combat
 18768 | Lair:1   | Killed a six-headed hydra
 18769 | Lair:1   | Reached skill level 5 in Invocations
 18831 | Lair:1   | Killed a five-headed hydra
 18832 | Lair:1   | Reached XP level 12. HP: 62/80 MP: 18/18
 19052 | Lair:2   | Received a gift from Nemelex Xobeh
 19237 | Lair:2   | Noticed a catoblepas
 19253 | Lair:2   | Killed a catoblepas
 19698 | Lair:2   | Noticed an eight-headed hydra
 19703 | Lair:2   | Killed an eight-headed hydra
 19704 | Lair:2   | Reached skill level 10 in Transmutations
 19728 | Lair:2   | Received a gift from Nemelex Xobeh
 20616 | Lair:3   | Noticed Fannar
 20631 | Lair:3   | Killed Fannar
 21152 | Lair:3   | Identified the amulet "Iduim" {RegenMP Fly}
 21342 | Lair:2   | Learned a level 5 spell: Yara's Violent Unravelling
 21356 | Lair:3   | Reached skill level 5 in Spellcasting
 21415 | Lair:3   | Reached skill level 12 in Unarmed Combat
 21465 | Lair:3   | Reached skill level 1 in Hexes
 21585 | Lair:3   | Found a staircase to the Shoals.
 22088 | Lair:4   | Noticed a six-headed hydra
 22093 | Lair:4   | HP: 5/106 [six-headed hydra (12)]
 22093 | Lair:4   | Mangled by a six-headed hydra

Illustrated notes

Levels and vault maps discovered:
D:1:      psy_arrival_conway, layout_basic, minmay_pentomino_s2
D:2:      layout_basic, basic_ecumenical_altar
D:3:      layout_rooms, minitemple, minmay_misc_feat_iff, st_stairs_2,
          uniq_robin
D:4:      layout_basic, serial_curves, eino_curves_01, eino_curves_04,
          gammafunk_ghost_icy, serial_bayou_lagoon_a
D:5:      layout_basic, led_sif_book, grunt_decor_clamped,
          minmay_misc_feat_columns
D:6:      layout_cave_pools, nicolae_gozag_cash_rules_everything_around_me,
          st_stairs_8, grunt_ministairs_1, serial_bayou_pond_c,
          uniq_crazy_yiuf_cottage
D:7:      layout_rooms, lemuel_crystal_altar, lemuel_coloured_pillars_altar,
          minmay_temple_entry_grid
D:8:      corexii_shantytown, layout_basic, nicolae_dithmenos_the_darkroom,
          serial_shops, shop, uniq_pikel
D:9:      layout_basic, elyvilon_altar_1, david_lair_generic,
          hangedman_decor_growths, minmay_crystal_room, minivault_16,
          dk_noncrumbling_2, minmay_orc_keep
D:10:     layout_roguey, gammafunk_ghost_wrathful_warriors, uniq_grum
Temple:   zaba_magenta_temple
Lair:1:   layout_chaotic_city, gauntlet_entry_generic
Lair:2:   layout_misc_corridors, grunt_forest_stairs_basic, serial_bayou_shore_a
Lair:3:   layout_cave_shapes, minmay_shoals_entry_centaurs, worms_lemuel,
          grunt_megastairs_3, uniq_fannar
Lair:4:   layout_small_grid, guppyfry_snake_entry_garden,
          chequers_serial_rivers_small_a, minmay_lair_oklob_items,
          chequers_serial_rivers_room_a

Skill      XL: |  1  2  3  4  5  6  7  8  9 10 11 12 |
---------------+-------------------------------------+-----
Stealth        | 1 2 4 5 |  5.0
Unarmed Combat | 4 5 7 8 9 11 12 | 12.1
Poison Magic   | 1 3 |  3.0
Transmutations | 3 4 5 7 8 9 10 | 10.3
Invocations    | 2 4 5 6 |  6.0
Dodging        | 4 5 6 7 8 |  8.6
Fighting       | 3 4 6 7 |  7.9
Spellcasting   | 4 5 |  5.0
Hexes          | 1 |  1.4

Action                   |  1- 3 |  4- 6 |  7- 9 | 10-12 || total
-------------------------+-------+-------+-------+-------++-------
Melee: Unarmed           |    74 |   136 |   378 |   491 ||  1079
       Constrict         |    15 |    24 |    10 |     7 ||    56
       Kick              |    19 |    14 |     5 |       ||    38
       Tentacles         |    15 |    14 |     9 |     8 ||    46
       Punch             |     1 |     4 |     4 |     5 ||    14
 Cast: Beastly Appendage |    27 |    18 |     3 |       ||    48
       Spider Form       |       |     9 |    47 |     8 ||    64
       Hydra Form        |       |       |       |    52 ||    52
Invok: Draw Destruction  |       |       |       |     4 ||     4
       Draw Escape       |       |       |       |     1 ||     1
  Use: Scroll            |     4 |     4 |     8 |     9 ||    25
       Potion            |       |       |       |     2 ||     2
 Stab: Sleeping          |     6 |     3 |    17 |       ||    26
       Petrified         |       |       |       |     8 ||     8
       Distracted        |       |       |       |     1 ||     1
       Petrifying        |       |       |       |     1 ||     1
Armor: Skin              |     5 |    15 |    43 |   156 ||   219
Dodge: Dodged            |    32 |    73 |   308 |   331 ||   744

Table legend: (Time is in decaauts)
 A = Elapsed time spent in this place.
 B = Non-inter-level travel time spent in this place.
 C = Inter-level travel time spent in this place.
 D = Time resting spent in this place.
 E = Time spent auto-exploring this place.
 F = Levels seen in this place.
 G = Mean time per level.
                   A        B        C        D        E       F      G
               +--------+--------+--------+--------+--------+-----+--------+
         Total |  21962 |  20485 |   1477 |   5044 |  11650 |  15 | 1464.1 |
       Dungeon |  17425 |  16192 |   1233 |   4166 |   8949 |  10 | 1742.5 |
        Temple |     77 |     58 |     19 |      0 |     57 |   1 |   77.0 |
          Lair |   4459 |   4234 |    225 |    878 |   2643 |   4 | 1114.8 |
               +--------+--------+--------+--------+--------+-----+--------+

Top non-repeatable levels by time:
     D:8: 2888 daAuts
     D:9: 2391 daAuts
     D:4: 2082 daAuts
  Lair:1: 1866 daAuts
     D:5: 1754 daAuts
     D:2: 1657 daAuts
     D:6: 1503 daAuts
  Lair:2: 1474 daAuts
     D:7: 1432 daAuts
    D:10: 1429 daAuts
     D:1: 1146 daAuts
     D:3: 1139 daAuts
  Lair:3: 1027 daAuts
  Lair:4: 91 daAuts
  Temple: 77 daAuts
